 Dungeon Crawl Stone Soup version 0.19-a0-1849-g2383789 (webtiles) character file.

14492 sleepydude the Fighter (level 11, -5/90 HPs)
             Began as a Demonspawn Berserker on Oct 10, 2016.
             Was an Elder of Trog.
             Slain by a 19-headed hydra (10 damage)
             ... on level 1 of the Lair of Beasts.
             The game lasted 00:56:32 (13103 turns).

sleepydude the Fighter (Demonspawn Berserker)      Turns: 13103, Time: 00:56:34

Health: -5/90      AC: 18    Str: 20    XL:     11   Next: 89%
Magic:  11/11      EV: 12    Int:  9    God:    Trog [****..]
Gold:   736        SH:  5    Dex: 13    Spells: 0 memorised, 10 levels left

rFire  + . .     SeeInvis .     L - +4 falchion (protect)
rCold  + . .     Gourm    .     B - +2 chain mail {rPois}
rNeg   . . .     Faith    .     H - +0 buckler
rPois  +         Spirit   .     (no helmet)
rElec  .         Dismiss  .     (no cloak)
rCorr  .         Reflect  .     (no gloves)
MR     .....     Harm     .     i - +0 pair of boots
Stlth  ..........               (no amulet)
                                n - ring of protection from fire
                                e - ring of stealth

@: exhausted, slowed, very slow
A: slimy green scales 3, cold resistance 1, spiny 1
a: Berserk, Trog's Hand, Brothers in Arms, Burn Spellbooks, Renounce Religion


You were on level 1 of the Lair of Beasts.
You worshipped Trog.
Trog was greatly pleased with you.
You were not hungry.

You visited 3 branches of the dungeon, and saw 13 of its levels.

You collected 736 gold pieces.

Inventory:

Hand Weapons
 z - a +0 long sword
 L - a +4 falchion of protection (weapon)
Armour
 i - a +0 pair of boots (worn)
 B - a +2 chain mail of poison resistance (worn)
 C - a +0 plate armour
 H - a +0 buckler (worn)
 K - a +0 plate armour
 M - a +3 chain mail
Jewellery
 e - a ring of stealth (left hand)
 n - a ring of protection from fire (right hand)
 E - an uncursed ring of flight
Wands
 x - a wand of iceblast (6/15)
 F - a wand of confusion (47/48)
 I - a wand of iceblast (3/15)
 N - a wand of confusion (26/48)
Scrolls
 f - 9 scrolls of remove curse
 g - 15 scrolls of identify
 h - 2 scrolls of random uselessness
 l - 2 scrolls of recharging
 o - 3 scrolls of fear {unknown}
 p - 2 scrolls of enchant weapon {unknown}
 q - 2 scrolls of blinking {unknown}
 t - 3 scrolls of enchant armour {unknown}
 v - a scroll of immolation {unknown}
 w - 2 scrolls of teleportation {unknown}
 y - 3 scrolls of magic mapping {unknown}
 D - a scroll of brand weapon {unknown}
 G - a scroll of amnesia {unknown}
 O - a scroll of silence {unknown}
Potions
 a - a potion of degeneration {unknown}
 b - 8 potions of curing {unknown}
 j - 2 potions of agility {unknown}
 k - 5 potions of heal wounds {unknown}
 m - 3 potions of cancellation {unknown}
 r - 3 potions of might {unknown}
 s - a potion of lignification {unknown}
 u - 2 potions of haste {unknown}
 A - 2 potions of flight {unknown}
 J - a potion of magic {unknown}
Comestibles
 c - 9 bread rations
 d - 3 meat rations


   Skills:
 + Level 9.8 Fighting
 + Level 9.3 Long Blades
 + Level 9.0 Armour
 + Level 8.7 Dodging
 - Level 0.2 Stealth
 + Level 4.5 Shields


You had 10 spell levels left.
You didn't know any spells.

Dungeon Overview and Level Annotations

Branches:
Dungeon (11/15)            Temple (1/1) D:4            Lair (1/6) D:10
    Orc (0/2) D:10

Altars:
Ashenzari
Cheibriados
Dithmenos
Elyvilon
Fedhas
Gozag
Hepliaklqana
Kikubaaqudgha
Makhleb
Nemelex Xobeh
Okawaru
Qazlal
Ru
Sif Muna
Trog
Uskayaw
Vehumet
Xom
Yredelemnul
Zin
The Shining One

Shops:
D:9 *   D:10 *

Portals:
Trove: D:10 (give 2 scrolls of acquirement)

Annotations:
D:10 1 exclusion


Innate Abilities, Weirdness & Mutations

You are completely covered in slimy green scales. (AC +4, rPois)
Your flesh is cold resistant. (rC+)
You are partially covered in sharp spines.


Message History

The 19-headed hydra bites you.
* * * LOW HITPOINT WARNING * * *
The 19-headed hydra bites you but does no damage.
The 19-headed hydra bites you.
* * * LOW HITPOINT WARNING * * *
You feel a strong urge to attack something.
You see here a blink frog corpse.
You feel your anger subside.
You are no longer berserk.
Trog's vigour flows through your veins.
You are exhausted.
You feel yourself slow down.
The blink frog blinks!
There is a stone staircase leading down here.
The 19-headed hydra bites you!
* * * LOW HITPOINT WARNING * * *
The 19-headed hydra barely misses you. The 19-headed hydra bites you.
* * * LOW HITPOINT WARNING * * *
The 19-headed hydra bites you but does no damage.
The 19-headed hydra bites you!
You die...

#P## ..# #.. # ##.## ?.
##...## ...
##.....#############
#.##........§.D@÷.....#
##...........#<...÷....#
.......$.....†.#.###P..#
...##..#.#P##............
#?....#######.######..#.
§..###.# #.# #. #.# ..# #
#.. ##.# #... ..#


You could see a 19-headed hydra.

Vanquished Creatures
  An ettin (D:10)
  A vault guard (D:10)
  An unseen horror (D:11)
  A hill giant (D:10)
  Pikel (D:7)
  A cyclops (D:11)
  Maurice (D:8)
  A gargoyle (D:10)
  A komodo dragon (D:10)
  A two-headed ogre (D:9)
  7 blink frogs
  3 hippogriffs
  A spriggan (D:9)
  The ghost of DaltonRaccoon the Slasher, an amateur NaGl (D:3)
  2 wyverns
  2 hungry ghosts
  Menkaure (D:6)
  9 orc warriors
  2 ice beasts
  A slave (D:7)
  2 black bears (D:11)
  2 sky beasts
  2 phantoms (D:6)
  A necrophage (D:8)
  3 centaurs
  A crocodile (Lair:1)
  7 ogres
  3 big kobolds
  2 gnoll sergeants (D:9)
  4 bullfrogs
  A water moccasin skeleton (D:8)
  2 scorpions
  13 killer bees
  3 wights (D:8)
  A howler monkey (D:6)
  3 crimson imps (D:6)
  5 centaur zombies
  3 bullfrog zombies
  A centaur skeleton (D:9)
  7 hounds
  2 jellies (D:10)
  2 bullfrog skeletons
  4 gnoll shamans
  6 orc priests
  8 orc wizards
  4 iguanas
  10 worker ants
  2 hound zombies
  A hound skeleton (D:5)
  2 howler monkey skeletons
  20 gnolls
  13 adders
  2 shadow imps
  2 adder zombies (D:8)
  5 worms
  2 dart slugs
  5 leopard geckos
  62 orcs
  2 ball pythons
  A giant cockroach (D:7)
  8 goblins
  14 hobgoblins
  15 jackals
  28 kobolds
  5 quokkas
  10 bats
  3 frilled lizards
  A jackal zombie (D:6)
  A leopard gecko zombie (D:6)
  2 quokka skeletons
  7 rats
  A spectral orc (D:8)
355 creatures vanquished.

Vanquished Creatures (collateral kills)
  Urug (D:11)
  A hungry ghost (D:11)
  An eye of draining (D:11)
  A centaur (D:11)
4 creatures vanquished.

Vanquished Creatures (others)
  2 slaves (D:7)
  A scorpion (D:7)
  2 gnolls (D:7)
  31 plants (D:10)
36 creatures vanquished.

Grand Total: 395 creatures vanquished

Notes
Turn   | Place    | Note
-------+----------+-------------------------------------------
     0 | D:1      | sleepydude the Demonspawn Berserker began the quest for the Orb.
     0 | D:1      | Reached XP level 1. HP: 18/18 MP: 1/1
   315 | D:1      | Gained mutation: You are partially covered in sharp spines. [demonic ancestry]
   315 | D:1      | Reached XP level 2. HP: 24/24 MP: 2/2
   914 | D:2      | Reached XP level 3. HP: 26/29 MP: 3/3
   958 | D:2      | Reached ** piety under Trog
  1714 | D:3      | Noticed a big kobold
  1745 | D:3      | Killed a big kobold
  1745 | D:3      | Gained mutation: You are partially covered in slimy green scales. (AC +2) [demonic ancestry]
  1745 | D:3      | Reached XP level 4. HP: 29/37 MP: 4/4
  1932 | D:3      | Reached XP level 5. HP: 42/42 MP: 5/5
  2063 | D:3      | Noticed DaltonRaccoon's ghost (amateur NaGl)
  2083 | D:3      | Killed DaltonRaccoon's ghost
  2083 | D:3      | Gained mutation: You are mostly covered in slimy green scales. (AC +3) [demonic ancestry]
  2083 | D:3      | Reached XP level 6. HP: 48/48 MP: 6/6
  2889 | D:4      | Found a staircase to the Ecumenical Temple.
  3084 | D:4      | Reached *** piety under Trog
  3326 | Temple   | Entered the Ecumenical Temple
  3642 | D:5      | Entered Level 5 of the Dungeon
  4211 | D:5      | Reached XP level 7. HP: 53/55 MP: 7/7
  4757 | D:6      | Reached skill level 5 in Fighting
  4787 | D:6      | Reached skill level 5 in Long Blades
  4891 | D:6      | Gained mutation: Your flesh is cold resistant. (rC+) [demonic ancestry]
  4891 | D:6      | Reached XP level 8. HP: 55/62 MP: 8/8
  5068 | D:6      | Found a sparkling altar of Nemelex Xobeh.
  5128 | D:6      | Reached **** piety under Trog
  5163 | D:6      | Reached skill level 5 in Armour
  5178 | D:6      | Found a deep blue altar of Sif Muna.
  5242 | D:6      | Reached skill level 5 in Dodging
  5280 | D:6      | Noticed Menkaure
  5285 | D:6      | Killed Menkaure
  5496 | D:6      | Found a burning altar of Makhleb.
  5644 | D:7      | Found a glowing silver altar of Zin.
  5651 | D:7      | Found a glowing golden altar of the Shining One.
  5687 | D:7      | Gained mutation: You are completely covered in slimy green scales. (AC +4, rPois) [demonic ancestry]
  5687 | D:7      | Reached XP level 9. HP: 53/71 MP: 9/9
  5955 | D:7      | Noticed Pikel
  5973 | D:7      | Killed Pikel
  6280 | D:7      | Found a shattered altar of Ashenzari.
  6626 | D:8      | Noticed Maurice
  6695 | D:8      | Killed Maurice
  6695 | D:8      | Reached XP level 10. HP: 72/80 MP: 10/10
  6801 | D:8      | Reached ***** piety under Trog
  6808 | D:8      | Found a basalt altar of Yredelemnul.
  7964 | D:9      | Found a glowing silver altar of Zin.
  7964 | D:9      | Noticed an angel
  7967 | D:9      | Found Omudarch's Hallowed Reliquary.
  8173 | D:9      | Received a gift from Trog
  8700 | D:9      | Reached skill level 1 in Shields
  9081 | D:10     | Entered Level 10 of the Dungeon
  9083 | D:10     | Noticed a hill giant
  9098 | D:10     | Killed a hill giant
  9220 | D:10     | Found a staircase to the Orcish Mines.
  9336 | D:10     | Found a staircase to the Lair.
  9482 | D:10     | Received a gift from Trog
  9578 | D:10     | Reached XP level 11. HP: 57/87 MP: 11/11
  9959 | D:10     | Found Vakoquzika's General Store.
 10260 | D:10     | Noticed a vault guard
 10297 | D:10     | Killed a vault guard
 10392 | D:10     | Found a portal to a secret trove of treasure.
 11244 | D:11     | Noticed Urug
 11285 | D:11     | Killed Urug
 11569 | D:11     | Killed an unseen horror
 11581 | D:11     | Noticed an eight-headed hydra
 12049 | D:10     | Noticed an ettin
 12066 | D:10     | Killed an ettin
 12401 | Lair:1   | Entered Level 1 of the Lair of Beasts
 12525 | Lair:1   | Noticed a six-headed hydra
 13103 | Lair:1   | Slain by a 19-headed hydra

Vault maps used:
D:1:      minmay_arrival_doors
D:3:      nrook_loot_triangle
D:4:      serial_bayou_ford_a, grunt_ministairs_3
D:5:      first_bread, kennysheep_minor_cross
D:6:      marbit_many_paths, basic_altar, nemelex_xobeh_ov_fountains_minmay,
          uniq_menkaure
D:7:      minmay_thick_lines, gammafunk_temple_overflow_forgotten, uniq_pikel
D:8:      yredelemnul_forgotten_temple_becter, uniq_maurice
D:9:      kennysheep_housing_project, serial_park_tiny_1, the_bakery,
          nicolae_good_shop
D:10:     david_lair_shrubbed, david_orc_2, enter_trove_5, serial_shops, shop
D:11:     wad_pebble_path, fedhas_bush_and_centaur_altar, uniq_urug
Temple:   regret_index_temple_sphere_string
Lair:1:   grunt_megastairs_2, uniq_erica

Skill      XL: |  1  2  3  4  5  6  7  8  9 10 11 |
---------------+----------------------------------+-----
Long Blades    | 3 4 5 6 7 8 9 |  9.3
Dodging        | 2 3 4 5 6 7 8 |  8.7
Armour         | 2 3 4 5 6 8 9 |  9.0
Fighting       | 4 5 6 7 8 9 |  9.8
Shields        | 2 4 |  4.5
Stealth        | |  0.2

Action                   |  1- 3 |  4- 6 |  7- 9 | 10-12 || total
-------------------------+-------+-------+-------+-------++-------
Melee: Falchion          |   107 |   136 |    55 |   280 ||   578
       Long sword        |       |       |   234 |   276 ||   510
Invok: Berserk           |     1 |     2 |     4 |    10 ||    17
       Brothers in Arms  |       |       |       |     6 ||     6
Evoke: Wand              |       |       |       |     1 ||     1
  Use: Scroll            |       |     2 |     1 |     3 ||     6
 Stab: Sleeping          |     8 |       |       |       ||     8
       Distracted        |       |       |       |     1 ||     1
       Confused          |       |       |       |     1 ||     1
  Eat: Chunk             |     4 |     9 |    11 |    18 ||    42
       Fruit             |       |     1 |     1 |       ||     2
       Beef jerky        |       |       |     1 |     2 ||     3
       Meat ration       |       |       |       |     2 ||     2
       Bread ration      |       |       |       |     1 ||     1
Armor: Animal skin       |     7 |       |       |       ||     7
       Ring mail         |    19 |     9 |       |       ||    28
       Chain mail        |       |    72 |   191 |   364 ||   627
Dodge: Dodged            |    58 |    55 |   128 |   325 ||   566
Block: Buckler           |       |       |       |    97 ||    97
       Rpst.: Falchion   |    15 |    10 |     5 |    26 ||    56
       Long sword        |       |       |    38 |    46 ||    84
